 Dungeon Crawl Stone Soup version 0.31-a0-865-g3d5d91748a (webtiles) character file.

Game seed: 1545819197572822158

22696 kae the Severer (level 13, -6/114 HPs)
             Began as a Hill Orc Fighter on Oct 10, 2023.
             Was a High Priest of Makhleb.
             Mangled by a skyshark (13 damage)
             ... on level 2 of the Lair of Beasts.
             The game lasted 00:11:50 (14000 turns).

kae the Severer (Hill Orc Fighter)                 Turns: 14000, Time: 00:11:50

Health: -6/114     AC: 19    Str: 24    XL:     13   Next: 1%
Magic:  20/20      EV: 13    Int:  8    God:    Makhleb [*****.]
Gold:   1570       SH:  4    Dex: 10    Spells: 12/12 levels left

rFire   . . .        a - +2 war axe (venom)
rCold   . . .        c - +0 buckler
rNeg    . . .        E - +1 scale mail {rF+}
rPois   +            b - +1 helmet
rElec   .            e - +1 cloak
rCorr   +            q - +1 pair of gloves
SInv    .            s - +1 pair of boots
Will    +....        O - amulet "Zueck" {Acrobat rPois rF- Will+ rCorr} Stlth
                     (no ring)
HPRegen 0.39/turn    (no ring)
MPRegen 0.17/turn

%: acrobat
@: no status effects
A: no striking features
a: Renounce Religion, Minor Destruction, Lesser Servant of Makhleb, Major
Destruction, Greater Servant of Makhleb


You were on level 2 of the Lair of Beasts.
You worshipped Makhleb.
Makhleb was extremely pleased with you.
You visited 2 branches of the dungeon, and saw 13 of its levels.
You also visited: Sewer, Ossuary and Bailey.

You collected 1570 gold pieces.


   Skills:
 - Level 10.5 Fighting
 - Level 16.0 Axes
 - Level 9.0 Armour
 + Level 9.6 Dodging
 - Level 3.2 Shields
 - Level 10.0 Invocations


You had 12 spell levels left.
You didn't know any spells.
Your spell library contained the following spells:

 Spells                   Type           Power      Damage    Failure   Level
 Ensorcelled Hibernation  Hex/Ice        0%         N/A       86%         2
 Passwall                 Tmut/Erth      0%         N/A       86%         2
 Swiftness                Air            0%         N/A       98%         3
 Animate Dead             Necr           0%         N/A       100%        4
 Haunt                    Necr/Summ      0%         N/A       100%        7
 Infestation              Necr           0%         N/A       100%        8

Inventory:

Hand Weapons
 a - a +2 war axe of venom (weapon)
 A - a +7 broad axe
   (You took it off an orc warlord in a bailey)
Missiles
 x - 62 stones
 y - 26 boomerangs
 G - 7 curare-tipped darts {=f}
 I - 13 poisoned darts
Armour
 b - a +1 helmet (worn)
   (You found it on level 3 of the Dungeon)
 c - a +0 buckler (worn)
 e - a +1 cloak (worn)
   (You found it on level 1 of the Dungeon)
 q - a +1 pair of gloves (worn)
   (You found it on level 3 of the Dungeon)
 s - a +1 pair of boots (worn)
   (You found it on level 3 of the Dungeon)
 E - a +1 scale mail of fire resistance (worn)
   (You took it off Edmund on level 6 of the Dungeon)
Magical Staves
 J - a staff of conjuration {!a}
   (You found it on level 7 of the Dungeon)
 S - a staff of air {!a}
   (You found it on level 1 of the Lair of Beasts)
Jewellery
 h - an amulet of reflection
   (You found it on level 1 of the Dungeon)
 z - a ring of wizardry
   (You found it on level 1 of the Lair of Beasts)
 F - a ring of fire
   (You found it on level 4 of the Dungeon)
 N - a ring of positive energy
   (You found it on level 9 of the Dungeon)
 O - the amulet "Zueck" (around neck) {Acrobat rPois rF- Will+ rCorr}
   (You found it on level 9 of the Dungeon)

   [amulet of the acrobat]

   Acrobat:   It increases your evasion while moving and waiting.
   rF-:       It makes you vulnerable to fire.
   rPois:     It protects you from poison Will+: It increases your willpower.
   rCorr:     It protects you from acid and corrosion.
 Z - a ring of wizardry
   (You found it on level 6 of the Dungeon)
Wands
 n - a wand of paralysis (5)
   (You found it on level 3 of the Dungeon)
 M - a wand of mindburst (10)
   (You found it on level 9 of the Dungeon)
 R - a wand of flame (9)
   (You found it on level 2 of the Lair of Beasts)
Scrolls
 f - 2 scrolls of vulnerability {!r!r}
 g - 6 scrolls of teleportation {@r4}
 m - 2 scrolls of revelation
 t - 6 scrolls of amnesia
 D - a scroll of fog
 L - a scroll of torment {!r}
 P - 3 scrolls of silence {!r}
Potions
 d - 4 potions of might
 i - 11 potions of curing {@q1}
 j - 4 potions of heal wounds {@q2}
 k - 4 potions of degeneration {!q}
 o - 4 potions of ambrosia
 p - 4 potions of invisibility
 r - 4 potions of mutation {!q}
 u - a potion of resistance {unknown}
 v - 3 potions of enlightenment
 w - 3 potions of cancellation
 B - 3 potions of haste {@q3}
 C - 2 potions of magic
 H - 2 potions of lignification {unknown}
 K - a potion of attraction {!q}
 Q - 5 potions of brilliance

Dungeon Overview and Level Annotations

Branches:
Dungeon (11/15) Zot: 26306  Temple (0/1) D:6            Lair (2/5) D:11 Zot: 8753
 Shoals (0/4) Lair:2        Sewer (visited)         Ossuary (visited)
 Bailey (visited)
  Snake: Lair:2-3    Spider: Lair:2-3       Orc: D:9-12

Altars:
Cheibriados
Dithmenos
Elyvilon
Hepliaklqana
Kikubaaqudgha
Makhleb
Qazlal
Sif Muna
Trog
Vehumet
Wu Jian
Xom
The Shining One

Annotations:
D:4 1 exclusion, Blork the orc
D:5 1 runed translucent door, Azuregosa's ghost, amateur OpDe

###### ### #.#..# ##P#
##...## #..# ### ###...##
##P.. #.## #..4@.# #...#
#..#######.l.## ##.##
#.....##.....## ##..#
##.#.........P# #...#
#.##....#....##########..##
####......#....P##....#..##
#....P##.~.....#.......##
#....##.#.~.......##....#
##....#..~≈..>...#####...


You could see a skyshark (very poisoned, slow, ally target) and a friendly
orange demon (summoned).


Message History

The skyshark enters a blood-rage!
The skyshark tail-slaps you but does no damage. x2
You hit the skyshark but do no damage.
The skyshark looks even sicker.
The skyshark completely misses you. You block the skyshark's attack.
The skyshark closely misses you. 😕 HP[-21]
You take 21 damage, and now have 92/114 hp.
You barely miss the skyshark. The skyshark closely misses you.
The skyshark tail-slaps you but does no damage.
The skyshark tail-slaps you!
You slash the skyshark!
The skyshark looks as sick as possible!
The skyshark bites you. The skyshark tail-slaps you!
You block the skyshark's attack. 😮 HP[-21]
You take 21 damage, and now have 71/114 hp.
Unknown command.
You are too injured to fight recklessly!
You are too injured to fight recklessly!
You are too injured to fight recklessly!
You are too injured to fight recklessly!
Unknown command.
You hit the skyshark but do no damage.
The skyshark looks as sick as possible!
The skyshark bites you! The skyshark misses you.
You block the skyshark's attack. 😮 HP[-13]
You take 13 damage, and now have 58/114 hp.
You completely miss the skyshark. The skyshark bites you.
* * * LOW HITPOINT WARNING * * *
The skyshark tail-slaps you.
* * * LOW HITPOINT WARNING * * *
The skyshark barely misses you. 😨 HP[-5]
You take 5 damage, and now have 53/114 hp.
Unknown command.
You hit the skyshark but do no damage.
The skyshark looks as sick as possible!
The skyshark bites you!
* * * LOW HITPOINT WARNING * * *
The skyshark misses you. The skyshark tail-slaps you.
* * * LOW HITPOINT WARNING * * *
The skyshark bites you.
* * * LOW HITPOINT WARNING * * *
The skyshark completely misses you.
The skyshark barely misses you. 😨 HP[-16]
You take 16 damage, and now have 37/114 hp.
You slash the skyshark!
The skyshark bites you but does no damage.
The skyshark tail-slaps you but does no damage.
The skyshark closely misses you. 😨 HP[+1] Unknown command.
You barely miss the skyshark.
The skyshark bites you but does no damage.
The skyshark tail-slaps you.
* * * LOW HITPOINT WARNING * * *
You block the skyshark's attack. 😨 HP[-4]
You take 4 damage, and now have 34/114 hp.
Unknown command.
You barely miss the skyshark.
The skyshark bites you but does no damage.
You block the skyshark's attack. The skyshark tail-slaps you!
* * * LOW HITPOINT WARNING * * *
😱 HP[-7]
You take 7 damage, and now have 27/114 hp.
You barely miss the skyshark. The skyshark bites you!
* * * LOW HITPOINT WARNING * * *
The skyshark tail-slaps you but does no damage.
You block the skyshark's attack. 😱 HP[-16]
You take 16 damage, and now have 11/114 hp.
Unknown command.
You completely miss the skyshark. The skyshark closely misses you.
The skyshark tail-slaps you but does no damage.
The skyshark barely misses you. 😱 HP[+1] Unknown command.
Unknown command.
Unknown command.
Blink to where?
Press: ? - help, Dir - move target
As you read the scroll of blinking {!r}, it crumbles to dust.
A demon appears! 😱 HP[-3]
You take 3 damage, and now have 9/114 hp.
Aiming: Minor Destruction (0% risk of failure)
Press: ? - help, Shift-Dir - straight line, f - skyshark
Aim: a skyshark (heavily wounded, berserk, extremely poisoned, ally target)
The zap hits the skyshark. 😱 HP[-1]
You take 1 damage, and now have 8/114 hp.
Aiming: Minor Destruction (0% risk of failure)
Press: ? - help, Shift-Dir - straight line, f/p - skyshark
Aim: a skyshark (heavily wounded, berserk, extremely poisoned, ally target)
Okay, then.
Aiming: Minor Destruction (0% risk of failure)
Press: ? - help, Shift-Dir - straight line, f/p - skyshark
Aim: a skyshark (heavily wounded, berserk, extremely poisoned, ally target)
The puff of flame misses the skyshark.
The skyshark is no longer berserk.
The skyshark bites you!
You die...

Skill      XL: |  1  2  3  4  5  6  7  8  9 10 11 12 |
---------------+-------------------------------------+-----
Axes           | 3 4 5 6 8 11 15 16 | 16.0
Fighting       | 4 5 6 7 10 | 10.5
Invocations    | 1 5 6 10 | 10.0
Armour         | 7 9 |  9.0
Dodging        | 3 9 |  9.6
Shields        | |  3.2

Action                     |  1- 3 |  4- 6 |  7- 9 | 10-12 | 13-15 || total
---------------------------+-------+-------+-------+-------+-------++-------
  Melee: War axe           |   110 |    91 |   284 |   544 |    16 ||  1045
 Invoke: Minor Destruction |       |       |     2 |     9 |     2 ||    13
         Lesser Servant of |       |       |       |     4 |     1 ||     5
  Evoke: Wand              |       |       |     2 |     1 |       ||     3
    Use: Scroll            |     7 |     3 |    16 |     8 |     1 ||    35
         Potion            |       |       |       |     1 |       ||     1
 Armour: Scale mail        |    71 |    69 |   157 |   371 |    25 ||   693
  Dodge: Dodged            |    52 |    29 |    80 |   217 |    18 ||   396
  Block: Buckler           |    32 |    51 |   109 |   123 |     7 ||   322
         Reflection        |       |     5 |    12 |     4 |       ||    21

Levels and vault maps discovered:
D:1:      psy_arrival_heroes, layout_basic,
          shapermc_ecumenical_altar_hornbeckon, item_on_display_a
D:2:      layout_rooms
D:3:      layout_loops_ring, kiku_gazebo_garden_becter
D:4:      minmay_octagon_keep, layout_basic, tgw_sif, jmf_multi_god_temple2
D:5:      layout_basic, nicolae_tso_besieged_by_evil,
          gammafunk_temple_overflow_wave, trog_wizard, gup_sewer_entry_glass,
          gammafunk_ghost_grave, wad_floor_pattern_2, minmay_curled_crystal
D:6:      layout_rooms, mainiacjoe_overflow_surrounded_room,
          minmay_temple_entry_proselytizer, nicolae_ossuary_entry_plus,
          serial_aquarium, aquarium_bridge_straight [aquarium_subvault_bridge,
          aquarium_subvault_window, aquarium_subvault_bridge,
          aquarium_subvault_wall], aquarium_window_fake, aquarium_window_2,
          aquarium_view_2d, aquarium_view_2c, aquarium_balcony_5a,
          dreamdust_wishing_well, minmay_liquid_box,
          chequers_serial_rivers_large_a, chequers_avenue, uniq_edmund,
          uniq_duvessa
D:7:      layout_basic, mainiacjoe_overflow_alcove_4, nicolae_letterblocks
          [nicolae_letter_subblock, nicolae_letter_subblock,
          nicolae_letter_subblock, nicolae_letter_subblock,
          nicolae_letter_subblock, nicolae_letter_subblock,
          nicolae_letter_subblock, nicolae_letter_subblock,
          nicolae_letter_subblock, nicolae_letter_subblock,
          nicolae_letter_subblock, nicolae_letter_subblock,
          nicolae_letter_subblock, nicolae_letter_subblock,
          nicolae_letter_subblock, nicolae_letter_subblock,
          nicolae_letter_subblock, nicolae_letter_subblock,
          nicolae_letter_subblock, nicolae_letter_subblock,
          nicolae_letter_subblock, nicolae_letter_subblock,
          nicolae_letter_subblock, nicolae_letter_subblock,
          nicolae_letter_subblock]
D:8:      layout_basic, enter_bailey_5
D:9:      layout_rooms, regret_index_temple_of_mockery, gammafunk_ghost_grave,
          uniq_amaemon
D:10:     layout_roguey, mainiacjoe_overflow_tiny_flanked
D:11:     layout_roguey, lair_entry_dummy, nicolae_two_hexagons
Lair:1:   wad_woods_structure_01, layout_regular_city,
          cheibrodos_lair_reptile_den, uniq_joseph
Lair:2:   layout_cave_pods, shoals_dummy_entry, infiniplex_staircase_pool

Notes
Turn   | Place    | Note
-------+----------+-------------------------------------------
     0 | D:1      | kae the Hill Orc Fighter began the quest for the Orb.
     0 | D:1      | Reached XP level 1. HP: 19/19 MP: 1/1
     0 | D:1      | magus.rc [v1.11.3]
    65 | D:1      | Reached skill level 3 in Axes
   112 | D:1      | Reached skill level 4 in Fighting
   112 | D:1      | Reached XP level 2. HP: 24/27 MP: 2/2
   354 | D:1      | Found a faded altar of an unknown god.
   934 | D:2      | Reached XP level 3. HP: 33/34 MP: 3/3
  1192 | D:2      | Reached skill level 4 in Axes
  1553 | D:3      | Found an ancient bone altar of Kikubaaqudgha.
  1561 | D:3      | Reached XP level 4. HP: 41/41 MP: 4/4
  1971 | D:3      | Reached skill level 5 in Fighting
  1974 | D:3      | You pick up a book of Burglary and begin reading...
  1974 | D:3      | You add the spells Passwall, Ensorcelled Hibernation and
                  | Swiftness to your library.
  2232 | D:4      | Noticed a scorpion
  2238 | D:4      | Killed a scorpion
  2239 | D:4      | Reached skill level 5 in Axes
  2239 | D:4      | Reached XP level 5. HP: 27/48 MP: 5/5
  2393 | D:4      | Found a large runed translucent door.
  2394 | D:4      | Found a large runed translucent door.
  2480 | D:4      | Noticed a phantom
  2498 | D:4      | Killed a phantom
  2499 | D:4      | Reached skill level 6 in Fighting
  2499 | D:4      | Reached skill level 6 in Axes
  2499 | D:4      | Reached XP level 6. HP: 49/57 MP: 6/6
  2787 | D:4      | Noticed Blork the orc
  2829 | D:4      | Found a shimmering blue altar of Sif Muna.
  3026 | D:4      | HP: 11/58 [something] (4)]
  3029 | D:4      | HP: 3/58 [Blork the orc/magic dart (9)]
  3497 | D:4      | Found a burning altar of Makhleb.
  3507 | D:4      | Found a white marble altar of Elyvilon.
  3517 | D:4      | Became a worshipper of Makhleb the Destroyer
  3561 | D:5      | Entered Level 5 of the Dungeon
  3572 | D:5      | Found a glowing drain.
  3597 | D:5      | Reached skill level 1 in Invocations
  3611 | Sewer    | Entered a sewer
  3672 | Sewer    | Reached XP level 7. HP: 63/64 MP: 8/8
  3689 | Sewer    | Reached skill level 7 in Fighting
  3689 | Sewer    | Reached skill level 7 in Axes
  3689 | Sewer    | Reached skill level 2 in Invocations
  3738 | Sewer    | Found a white marble altar of Elyvilon.
  3858 | D:5      | Found a runed translucent door.
  3897 | D:5      | Reached skill level 3 in Invocations
  4110 | D:5      | Found a bloodstained altar of Trog.
  4111 | D:5      | Noticed a wizard
  4116 | D:5      | Killed a wizard
  4197 | D:5      | Found a shadowy altar of Dithmenos.
  4197 | D:5      | Found a stormy altar of Qazlal.
  4276 | D:5      | Reached skill level 8 in Axes
  4276 | D:5      | Reached skill level 4 in Invocations
  4278 | D:5      | Reached * piety under Makhleb
  4345 | D:5      | Found a glowing golden altar of the Shining One.
  4391 | D:5      | Noticed Azuregosa's ghost (amateur OpDe)
  4659 | D:6      | Noticed Edmund
  4670 | D:6      | Killed Edmund
  4671 | D:6      | Reached skill level 5 in Invocations
  4671 | D:6      | Reached XP level 8. HP: 49/73 MP: 11/11
  4674 | D:6      | Found a sand-covered staircase.
  4680 | Ossuary  | Entered an ossuary
  5054 | D:6      | Reached skill level 9 in Axes
  5083 | D:6      | Reached skill level 6 in Invocations
  5116 | D:6      | Reached ** piety under Makhleb
  5151 | D:6      | Noticed Duvessa
  5151 | D:6      | Noticed Dowan
  5169 | D:6      | Killed Duvessa
  5170 | D:6      | Reached skill level 10 in Axes
  5177 | D:6      | Killed Dowan
  5293 | D:6      | Found an ornate altar of the Wu Jian Council.
  5404 | D:6      | Reached skill level 11 in Axes
  5465 | D:6      | Identified the +0 long sword "Nypsauq" {freeze, rC+}
  5489 | D:6      | Found a staircase to the Ecumenical Temple.
  6131 | D:7      | Reached XP level 9. HP: 57/79 MP: 13/13
  6132 | D:7      | Reached skill level 12 in Axes
  6428 | D:7      | Reached skill level 13 in Axes
  6655 | D:7      | Found a radiant altar of Vehumet.
  6958 | D:8      | Reached skill level 14 in Axes
  7140 | D:8      | Found a flagged portal.
  7156 | Bailey   | Entered a bailey
  7161 | Bailey   | Noticed an orc warlord
  7195 | Bailey   | Reached *** piety under Makhleb
  7204 | Bailey   | Reached skill level 15 in Axes
  7221 | Bailey   | Found a runed translucent gate.
  7224 | Bailey   | Found a runed translucent gate.
  7226 | Bailey   | Found a runed translucent gate.
  7269 | Bailey   | Reached XP level 10. HP: 86/86 MP: 14/14
  7402 | Bailey   | Killed an orc warlord
  7403 | Bailey   | Reached skill level 16 in Axes
  7403 | Bailey   | Reached skill level 4 in Armour
  7424 | Bailey   | Acquired 418 gold pieces
  7441 | Bailey   | Identified the +5 whip of Nakhurgh {pain, Int+3 SInv}
  7486 | D:8      | Identified the +3 robe "Zunax" {rC- rN+ rCorr Slay+5}
  7521 | D:8      | You pick up a book of Death and begin reading...
  7521 | D:8      | You add the spells Animate Dead, Haunt and Infestation to
                  | your library.
  7794 | D:8      | Reached skill level 8 in Fighting
  7984 | D:8      | Reached **** piety under Makhleb
  7993 | D:8      | Reached skill level 5 in Armour
  8586 | D:9      | Noticed Amaemon
  8586 | D:9      | Noticed an orange demon
  8600 | D:9      | Killed Amaemon
  8601 | D:9      | Reached skill level 9 in Fighting
  8601 | D:9      | Reached skill level 6 in Armour
  8607 | D:9      | Killed an orange demon
  8802 | D:9      | Found a runed translucent door.
  8803 | D:9      | Noticed KineticRobot's ghost (novice MiFi)
  8856 | D:9      | Found a hazy altar of Hepliaklqana.
  8857 | D:9      | Found a shimmering altar of Xom.
  8858 | D:9      | Noticed a spectral ugly thing
  8921 | D:9      | Killed KineticRobot's ghost
  8922 | D:9      | Reached skill level 10 in Fighting
  8922 | D:9      | Reached skill level 7 in Armour
  8922 | D:9      | Reached XP level 11. HP: 37/100 MP: 15/15
  8923 | D:9      | Identified the amulet "Zueck" {Acrobat rPois rF- Will+
                  | rCorr}
  9113 | D:10     | Entered Level 10 of the Dungeon
  9375 | D:10     | Found a snail-covered altar of Cheibriados.
  9412 | D:10     | Reached skill level 8 in Armour
  9588 | D:10     | Noticed a two-headed ogre
  9602 | D:10     | HP: 15/101 [two-headed ogre/+0 giant spiked club (12)]
  9604 | D:10     | Killed a two-headed ogre
  9605 | D:10     | Reached skill level 7 in Invocations
 10157 | D:11     | Noticed a purple ugly thing
 10168 | D:11     | Killed a purple ugly thing
 10169 | D:11     | Reached skill level 9 in Armour
 10169 | D:11     | Reached skill level 8 in Invocations
 10366 | D:11     | Found a staircase to the Lair.
 10499 | D:11     | Reached skill level 9 in Invocations
 10577 | D:11     | Noticed a red ugly thing
 10584 | D:11     | Killed a red ugly thing
 10682 | Lair:1   | Entered Level 1 of the Lair of Beasts
 10700 | Lair:1   | Reached skill level 10 in Invocations
 10700 | Lair:1   | Reached skill level 1 in Dodging
 10829 | Lair:1   | Reached skill level 2 in Dodging
 10979 | Lair:1   | Reached skill level 3 in Dodging
 10992 | Lair:1   | Reached XP level 12. HP: 103/107 MP: 19/19
 10994 | Lair:1   | Reached skill level 4 in Dodging
 11045 | Lair:1   | Reached skill level 5 in Dodging
 11047 | Lair:1   | Reached ***** piety under Makhleb
 11216 | Lair:1   | Reached skill level 6 in Dodging
 11522 | Lair:1   | Noticed Joseph
 11546 | Lair:1   | Killed Joseph
 11751 | Lair:1   | Reached skill level 7 in Dodging
 12330 | Lair:2   | Noticed a skyshark
 12347 | Lair:2   | Killed a skyshark
 12348 | Lair:2   | Reached skill level 8 in Dodging
 12571 | Lair:2   | Found a staircase to the Shoals.
 12868 | Lair:2   | Noticed a four-headed hydra
 12869 | Lair:2   | Noticed a skyshark
 13004 | Lair:2   | Noticed an eight-headed hydra
 13010 | Lair:2   | HP: 18/107 [nine-headed hydra (13)]
 13320 | Lair:2   | Noticed a boulder beetle
 13329 | Lair:2   | Killed a boulder beetle
 13330 | Lair:2   | Reached skill level 9 in Dodging
 13551 | Lair:2   | Killed a five-headed hydra
 13604 | Lair:2   | Killed a nine-headed hydra
 13605 | Lair:2   | Reached XP level 13. HP: 108/114 MP: 20/20
 13994 | Lair:2   | HP: 27/114 [skyshark (7)]
 13995 | Lair:2   | HP: 11/114 [skyshark (16)]
 14000 | Lair:2   | Mangled by a skyshark

Vanquished Creatures
  An orc warlord (Bailey)
  2 hydras (Lair:2)
  A two-headed ogre (D:10)
  The ghost of KineticRobot the Carver, a novice MiFi of the Shining One (D:9)
  A boulder beetle (Lair:2)
  Amaemon (D:9)
  A skyshark (Lair:2)
  An ugly thing (D:11)
  5 black mambas
  Joseph (Lair:1)
  4 cane toads
  An orange demon (D:9)
  5 komodo dragons
  A polar bear (Lair:2)
  A troll (D:10)
  10 blink frogs
  A wyvern (D:10)
  A vampire (D:9)
  4 wraiths
  5 basilisks
  20 yaks
  A steam dragon (D:9)
  Edmund (D:6)
  3 water moccasins
  Duvessa (D:6)
  9 orc warriors
  2 black bears
  A sky beast (D:6)
  2 ice beasts (D:7)
  2 wolves (Lair:1)
  2 ogres
  4 centaurs
  3 phantoms
  4 bullfrogs
  2 kobold brigands
  2 gnoll sergeants
  5 scorpions
  3 wights (D:8)
  Dowan (D:6)
  17 killer bees
  3 howler monkeys
  5 hounds
  5 orc priests
  2 jellies
  8 orc wizards
  8 mummies (Ossuary)
  9 gnolls
  7 adders
  2 white imps
  3 worms
  2 dart slugs
  24 orcs
  6 endoplasms
  3 giant cockroaches
  11 goblins
  12 hobgoblins
  4 jackals
  2 quokkas (D:5)
  13 ball pythons
  5 bats
  6 frilled lizards
  2 gnoll zombies (Ossuary)
  2 goblin skeletons (D:5)
  A goblin zombie (D:5)
  2 hobgoblin zombies (D:5)
  26 kobolds
  6 kobold zombies
  3 orc zombies (Ossuary)
  10 rats
325 creatures vanquished.

Vanquished Creatures (collateral kills)
  An ugly thing (D:11)
  An electric eel (Lair:2)
2 creatures vanquished.

Vanquished Creatures (others)
  A wizard (D:5)
1 creature vanquished.

Grand Total: 328 creatures vanquished

Table legend:
 A = Non-vault XP
 B = Vault XP
 C = Vault XP percentage of total XP
 D = Non-vault monster count
 E = Vault monster count
 F = Vault count percentage of total count
                 A         B        C        D         E       F
            +---------+---------+-------+---------+---------+-------
      Total |   24140 |    8283 |  25.5 |     230 |      97 |  29.7
            +---------+---------+-------+---------+---------+-------
        D:1 |      23 |       0 |   0.0 |      15 |       0 |   0.0
        D:2 |      34 |       0 |   0.0 |      18 |       0 |   0.0
        D:3 |      48 |       0 |   0.0 |      17 |       0 |   0.0
        D:4 |     205 |     189 |  48.0 |      13 |      11 |  45.8
        D:5 |     525 |      47 |   8.2 |      14 |      12 |  46.2
        D:6 |     562 |     417 |  42.6 |       9 |       4 |  30.8
        D:7 |    1165 |       0 |   0.0 |      11 |       0 |   0.0
        D:8 |    1565 |       7 |   0.4 |      38 |       4 |   9.5
        D:9 |    1117 |    2010 |  64.3 |      14 |       3 |  17.6
       D:10 |    3249 |       0 |   0.0 |      27 |       0 |   0.0
       D:11 |    2370 |       0 |   0.0 |      10 |       0 |   0.0
     Lair:1 |    7285 |    3668 |  33.5 |      31 |      13 |  29.5
     Lair:2 |    5992 |       0 |   0.0 |      13 |       0 |   0.0
      Sewer |       0 |     107 | 100.0 |       0 |      12 | 100.0
    Ossuary |       0 |     151 | 100.0 |       0 |      16 | 100.0
     Bailey |       0 |    1687 | 100.0 |       0 |      22 | 100.0
            +---------+---------+-------+---------+---------+-------

Skill      XL: |  1  2  3  4  5  6  7  8  9 10 11 12 |
---------------+-------------------------------------+-----
Axes           | 3 4 5 6 8 11 15 16 | 16.0
Fighting       | 4 5 6 7 10 | 10.5
Invocations    | 1 5 6 10 | 10.0
Armour         | 7 9 |  9.0
Dodging        | 3 9 |  9.6
Shields        | |  3.2

Action                     |  1- 3 |  4- 6 |  7- 9 | 10-12 | 13-15 || total
---------------------------+-------+-------+-------+-------+-------++-------
  Melee: War axe           |   110 |    91 |   284 |   544 |    16 ||  1045
 Invoke: Minor Destruction |       |       |     2 |     9 |     2 ||    13
         Lesser Servant of |       |       |       |     4 |     1 ||     5
  Evoke: Wand              |       |       |     2 |     1 |       ||     3
    Use: Scroll            |     7 |     3 |    16 |     8 |     1 ||    35
         Potion            |       |       |       |     1 |       ||     1
 Armour: Scale mail        |    71 |    69 |   157 |   371 |    25 ||   693
  Dodge: Dodged            |    52 |    29 |    80 |   217 |    18 ||   396
  Block: Buckler           |    32 |    51 |   109 |   123 |     7 ||   322
         Reflection        |       |     5 |    12 |     4 |       ||    21

Illustrated notes

Table legend:
 A = Kills in this place as a percentage of kills in the entire game.
 B = Kills by you in this place as a percentage of kills by you in the entire game.
 C = Kills by friends in this place as a percentage of kills by friends in the entire game.
 D = Other kills in this place as a percentage of other kills in the entire game.
 E = Experience gained in this place as a percentage of experience gained in the entire game.
 F = Experience gained in this place divided by the number of levels of this place that you have seen.
                   A       B       C       D       E      F
               +-------+-------+-------+-------+-------+----------------------
         Total | 100.0 | 100.0 | 100.0 |   N/A | 100.0 | 2026.4
       Dungeon |  67.3 |  67.4 |  50.0 |   N/A |  41.7 | 1230.3
          Lair |  17.4 |  17.2 |  50.0 |   N/A |  52.3 | 8472.5
         Sewer |   3.7 |   3.7 |   0.0 |   N/A |   0.3 | 107.0
       Ossuary |   4.9 |   4.9 |   0.0 |   N/A |   0.5 | 151.0
        Bailey |   6.7 |   6.8 |   0.0 |   N/A |   5.2 | 1687.0
               +-------+-------+-------+-------+-------+----------------------

Table legend: (Time is in decaauts)
 A = Elapsed time spent in this place.
 B = Non-inter-level travel time spent in this place.
 C = Inter-level travel time spent in this place.
 D = Time resting spent in this place.
 E = Time spent auto-exploring this place.
 F = Levels seen in this place.
 G = Mean time per level.
                   A        B        C        D        E       F      G
               +--------+--------+--------+--------+--------+-----+--------+
         Total |  13980 |  13364 |    616 |   1243 |   9947 |  16 |  873.8 |
       Dungeon |   9908 |   9324 |    584 |    488 |   7273 |  11 |  900.7 |
          Lair |   3245 |   3213 |     32 |    755 |   2118 |   2 | 1622.5 |
         Sewer |    199 |    199 |      0 |      0 |    141 |   1 |  199.0 |
       Ossuary |    330 |    330 |      0 |      0 |    242 |   1 |  330.0 |
        Bailey |    296 |    296 |      0 |      0 |    171 |   1 |  296.0 |
               +--------+--------+--------+--------+--------+-----+--------+

Top non-repeatable levels by time:
  Lair:2: 1649 daAuts
  Lair:1: 1595 daAuts
     D:4: 1394 daAuts
     D:8: 1018 daAuts
     D:3: 982 daAuts
     D:5: 981 daAuts
     D:1: 885 daAuts
     D:9: 884 daAuts
     D:6: 871 daAuts
    D:10: 852 daAuts
     D:7: 742 daAuts
    D:11: 693 daAuts
     D:2: 603 daAuts
 Ossuary: 330 daAuts
  Bailey: 296 daAuts
